 Dungeon Crawl Stone Soup version 0.28-a0-794-gafe8c5f9e9 (webtiles) character file.

Game seed: 179528158396726693

37 sizableburger the Shooter (level 3, 0/28 HPs)
             Began as a Human Hunter on Oct 27, 2021.
             Slain by Robin (3 damage)
             ... on level 2 of the Dungeon on Nov 5, 2021.
             The game lasted 00:05:24 (1578 turns).

sizableburger the Shooter (Human Hunter)            Turns: 1578, Time: 00:05:24

Health: 0/28       AC:  4    Str: 12    XL:     3   Next: 62%
Magic:  3/3        EV: 12    Int: 11    God:
Gold:   40         SH:  0    Dex: 14    Spells: 2/2 levels left

rFire   . . .      SeeInvis .   b - +0 mace (flame)
rCold   . . .      Faith    .   (no shield)
rNeg    . . .      Spirit   .   e - +0 leather armour {rPois}
rPois   +          Reflect  .   n - +0 helmet
rElec   .          Harm     .   (no cloak)
rCorr   .          Rampage  .   (no gloves)
Will    .....                   (no boots)
Stlth   +.........              (no amulet)
HPRegen 0.09/turn               (no ring)
MPRegen 0.08/turn               (no ring)

@: brilliant, about to teleport
A: no striking features
a: no special abilities


You were on level 2 of the Dungeon.
You visited 1 branch of the dungeon, and saw 2 of its levels.

You collected 40 gold pieces.

Inventory:

Hand Weapons
 a - a +1 shortbow
 b - a +0 mace of flaming (weapon)
 i - a +0 dagger
Missiles
 d - 35 arrows
Armour
 e - a +0 leather armour of poison resistance (worn)
 n - a +0 helmet (worn)
Scrolls
 g - a scroll of teleportation
 m - a scroll of blinking {unknown}
Potions
 f - a potion of magic


   Skills:
 + Level 2.6 Fighting
 + Level 0.4 Maces & Flails
 + Level 4.4 Bows
 - Level 2.0 Dodging
 - Level 1.0 Stealth
 - Level 1.2 Unarmed Combat


You had 2 spell levels left.
You didn't know any spells.
Your spell library was empty.

Dungeon Overview and Level Annotations

Branches:
Dungeon (2/15)

Altars:

Annotations:
D:2 Robin


Message History

Throw: 2 throwing nets
Press: ? - help, Q - select action Shift-Dir - straight line, f - goblin
Aim: a goblin, wielding a +1 dagger of pain (strong, 51% to hit)
You throw a throwing net.
The throwing net closely misses the goblin.
The goblin no longer looks unusually strong. x2
The goblin hits you with a +1 dagger of pain.
* * * LOW HITPOINT WARNING * * *
Robin closely misses you. The hobgoblin misses you.
Throw: throwing net
Press: ? - help, Q - select action Shift-Dir - straight line, f/p - goblin
Aim: a goblin, wielding a +1 dagger of pain (51% to hit)
You throw a throwing net.
The throwing net closely misses the goblin.
The goblin closely misses you. Robin barely misses you.
The hobgoblin hits you but does no damage.
As you read the scroll labelled ZETHRY RYCICOON, it crumbles to dust.
You feel strangely unstable.
It was a scroll of teleportation.
The goblin barely misses you. Robin hits you with a +0 whip.
* * * LOW HITPOINT WARNING * * *
The hobgoblin closely misses you.
As you read the scroll labelled RUENAABBEZ, it crumbles to dust.
It is a scroll of brand weapon.
Your +0 mace is engulfed in flames!
b - a +0 mace of flaming (weapon)
The goblin hits you with a +1 dagger of pain.
* * * LOW HITPOINT WARNING * * *
Robin barely misses you. The hobgoblin closely misses you.
As you read the scroll labelled AZAN GIOTRUIB, it crumbles to dust.
It is a scroll of identify.
f - a potion of magic The goblin hits you but does no damage.
Robin roars a battlecry!
The goblins go into a battle-frenzy!
The hobgoblin closely misses you.
Okay, then.
It was a potion of brilliance.
You feel clever all of a sudden. The goblin hits you but does no damage.
Robin hits you with a +0 whip.
You die...

.).....##....#.#.#####.....#
.
......###......รท(....#.....#
.
.......................#...#
#. ##'########.#.##.#......
##.............#.#.##...
....#######.#..#.#.# .. ....#
#.#..#.# # . ....# #.#..#g#
....#######.####@#
....'........)ggg#
....#######.###### ....#
#.######## ....# #g........
....# #..g...... ....#
#####......... ....#
#............. ....#
#...........##


You could see Robin, a hobgoblin (strong) and 2 goblins.

Vanquished Creatures
  A dart slug (D:1)
  5 endoplasms
  2 giant cockroaches
  9 goblins
  4 hobgoblins
  A quokka (D:1)
  3 bats (D:1)
  3 kobolds
28 creatures vanquished.

Notes
Turn   | Place    | Note
-------+----------+-------------------------------------------
     0 | D:1      | sizableburger the Human Hunter began the quest for the Orb.
     0 | D:1      | Reached XP level 1. HP: 16/16 MP: 1/1
   147 | D:1      | Reached XP level 2. HP: 22/22 MP: 2/2
   529 | D:1      | Reached skill level 1 in Unarmed Combat
   821 | D:1      | Reached XP level 3. HP: 27/28 MP: 3/3
  1026 | D:1      | Found a faded altar of an unknown god.
  1144 | D:1      | Upgraded the game from 0.28-a0-726-g4a9143789a to
                  | 0.28-a0-794-gafe8c5f9e9
  1556 | D:2      | Noticed Robin
  1578 | D:2      | Slain by Robin

Illustrated notes

Levels and vault maps discovered:
D:1:      kennysheep_arrival_seaside, layout_rooms,
          dreamdust_ecumenical_altar_grove
D:2:      minmay_wonky_spiral, layout_basic, uniq_robin, uniq_sigmund

Skill      XL: |  1  2 |
---------------+-------+-----
Unarmed Combat | 1 |  1.2
Fighting       | |  2.6
Maces & Flails | |  0.4
Bows           | |  4.4
Dodging        | |  2.0
Stealth        | |  1.0

Action                   || total
-------------------------++-------
Melee: Short sword       ||    15
       Dagger            ||    42
       Mace              ||    45
 Fire: Shortbow          ||    17
Throw: Throwing net      ||     2
  Use: Scroll            ||     3
       Potion            ||     1
 Stab: Sleeping          ||     1
Armor: Leather armour    ||    42
Dodge: Dodged            ||    83

Table legend: (Time is in decaauts)
 A = Elapsed time spent in this place.
 B = Non-inter-level travel time spent in this place.
 C = Inter-level travel time spent in this place.
 D = Time resting spent in this place.
 E = Time spent auto-exploring this place.
 F = Levels seen in this place.
 G = Mean time per level.
                   A        B        C        D        E       F      G
               +--------+--------+--------+--------+--------+-----+--------+
         Total |   1594 |   1554 |     40 |    563 |    636 |   2 |  797.0 |
       Dungeon |   1594 |   1554 |     40 |    563 |    636 |   2 |  797.0 |
               +--------+--------+--------+--------+--------+-----+--------+

Top non-repeatable levels by time:
     D:1: 1206 daAuts
     D:2: 388 daAuts
